 Dungeon Crawl Stone Soup version 0.25-a0-782-g655279ceaa (webtiles) character file.

Game seed: 15035283627717426736, levelgen mode: deterministic

137 Flugslaktarn the Shield-Bearer (level 5, -11/47 HPs)
             Began as a Minotaur Fighter on Apr 16, 2020.
             Killed by divine providence
             ... invoked by an orc priest
              (13 damage)
             ... on level 3 of the Dungeon.
             The game lasted 00:00:40 (1517 turns).

Flugslaktarn the Shield-Bearer (Minotaur Fighter)   Turns: 1517, Time: 00:00:41

Health: -11/47     AC:  8    Str: 22    XL:     5   Next: 0%
Magic:  4/4        EV:  7    Int:  5    God:
Gold:   90         SH:  9    Dex:  9    Spells: 4/4 levels left

rFire    . . .     SeeInvis .   a - +0 war axe
rCold    . . .     Gourm    .   c - +0 kite shield
rNeg     . . .     Faith    .   b - +0 scale mail
rPois    .         Spirit   .   (helmet restricted)
rElec    .         Reflect  .   (no cloak)
rCorr    .         Harm     .   m - +0 pair of gloves
MR       .....                  (no boots)
Stlth    ..........             (no amulet)
HPRegen  0.15/turn              (no ring)
MPRegen  0.09/turn              (no ring)

@: lethally poisoned (-11 -> -12)
A: retaliatory headbutt, horns 2
a: no special abilities


You were on level 3 of the Dungeon.
You were not hungry.

You visited 1 branch of the dungeon, and saw 3 of its levels.

You collected 90 gold pieces.

Inventory:

Hand Weapons
 a - a +0 war axe (weapon)
Armour
 b - a +0 scale mail (worn)
 c - a +0 kite shield (worn)
 m - a +0 pair of gloves (worn)
   (You found it on level 2 of the Dungeon)
Jewellery
 i - an uncursed amulet of rage {unknown}
   (You found it on level 1 of the Dungeon)
Scrolls
 f - 2 scrolls of random uselessness {unknown}
 j - 3 scrolls of enchant weapon {unknown}
 k - a scroll of noise {unknown}
 l - 3 scrolls of teleportation {unknown}
 n - a scroll of fog {unknown}
 o - 2 scrolls of magic mapping {unknown}
 p - 3 scrolls of remove curse {unknown}
Potions
 d - a potion of might
 g - a potion of cancellation {unknown}
Comestibles
 e - 2 rations
 h - 4 chunks of flesh


   Skills:
 + Level 4.4 Fighting
 * Level 4.4 Axes
 + Level 4.4 Armour
 + Level 4.4 Shields


You had 4 spell levels left.
You didn't know any spells.
Your spell library was empty.

Dungeon Overview and Level Annotations

Branches:
Dungeon (3/15)

Altars:
Elyvilon

Annotations:
D:3 1 runed translucent door


Innate Abilities, Weirdness & Mutations

You reflexively headbutt those who attack you in melee.
You have a pair of horns on your head.


Message History

The orc hits you with a +0 mace.
* * * LOW HITPOINT WARNING * * *
The orc hits you but does no damage. The orc closely misses you.
You slash the orc priest! You headbutt the orc priest!
The orc priest is almost dead.
You barely miss the orc. You slash the orc!
You kill the orc!
You have reached level 5!
You hit the orc. You block the orc priest's attack.
The orc hits you but does no damage. You block the orc's attack.
The orc priest calls upon Beogh to heal the orc.
The orc's wounds heal themselves!
You closely miss the orc priest. Your headbutt misses the orc priest.
The orc priest is almost dead.
You hit the orc but do no damage. x2
* * * LOW HITPOINT WARNING * * *
You feel sick. You block the orc's attack. The orc hits you but does no damage.
The orc priest invokes the aid of Beogh against you.
Beogh smites you!
You die...

#. ... #. .. #. .. #. #.
#. #. #. #.#### #.
#.)..# #. #)@o.# #.
######o.o.#############.
..........##............
#######(#.##............
#......#.##............
#.######.##......<.....
#.# ##............
####.# #############
#.##.# ####...


You could see an orc priest and 2 orcs.

Vanquished Creatures
  A bullfrog zombie (D:3)
  An orc wizard (D:3)
  Robin (D:2)
  2 worms
  A dart slug (D:2)
  7 orcs
  2 giant cockroaches
  13 goblins (D:2)
  6 hobgoblins
  3 jackals (D:2)
  2 bats (D:1)
  2 frilled lizards (D:3)
  A kobold (D:2)
  4 rats
46 creatures vanquished.

Notes
Turn   | Place    | Note
-------+----------+-------------------------------------------
     0 | D:1      | Flugslaktarn the Minotaur Fighter began the quest for the
                  | Orb.
     0 | D:1      | Reached XP level 1. HP: 19/19 MP: 0/0
    73 | D:2      | Reached XP level 2. HP: 15/27 MP: 1/1
   595 | D:2      | Noticed Robin
   596 | D:2      | Reached XP level 3. HP: 20/33 MP: 2/2
   602 | D:2      | Killed Robin
  1072 | D:3      | Reached XP level 4. HP: 27/40 MP: 3/3
  1178 | D:3      | Found a runed translucent door.
  1178 | D:3      | Found a white marble altar of Elyvilon.
  1178 | D:3      | Noticed an angel
  1515 | D:3      | HP: 2/41 [orc/+0 mace (2)]
  1516 | D:3      | Reached XP level 5. HP: 3/47 MP: 4/4
  1517 | D:3      | Killed from afar by an orc priest

Levels and vault maps discovered:
D:1:      scummos_arrival_forest, layout_basic, serial_forest,
          infiniplex_forest_clump_long, infiniplex_forest_clump_small,
          infiniplex_forest_lined_ring, infiniplex_forest_clump_tiny,
          infiniplex_forest_clump_tiny, minmay_heptomino_o4
D:2:      layout_loops_ring, yredelemnul_forgotten_temple_becter,
          nicolae_overflow_crystal_walls, first_ration,
          kennysheep_generic_room_11, uniq_robin
D:3:      layout_basic, minitemple, serial_curves, eino_curves_04,
          eino_curves_04, lemuel_angel_altar

Skill      XL: |  1  2  3 |
---------------+----------+-----
Axes           | 3 4 |  4.4
Fighting       | 4 |  4.4
Shields        | 4 |  4.4
Armour         | 4 |  4.4

Action                   |  1- 3 |  4- 6 || total
-------------------------+-------+-------++-------
Melee: War axe           |    65 |    23 ||    88
       Headbutt          |     8 |     4 ||    12
  Eat: Chunk             |     1 |     1 ||     2
Armor: Scale mail        |    40 |     9 ||    49
Dodge: Dodged            |    15 |     6 ||    21
Block: Kite shield       |    36 |    17 ||    53

Table legend:
 A = Non-vault XP
 B = Vault XP
 C = Vault XP percentage of total XP
 D = Non-vault monster count
 E = Vault monster count
 F = Vault count percentage of total count
                 A         B        C        D         E       F
            +---------+---------+-------+---------+---------+-------
      Total |     157 |      40 |  20.3 |      32 |      14 |  30.4
            +---------+---------+-------+---------+---------+-------
        D:1 |       7 |       0 |   0.0 |       4 |       0 |   0.0
        D:2 |      29 |      40 |  58.0 |      12 |      14 |  53.8
        D:3 |     121 |       0 |   0.0 |      16 |       0 |   0.0
            +---------+---------+-------+---------+---------+-------
